 Dungeon Crawl Stone Soup version 0.20.0-15-g7f486f2 (webtiles) character file.

9763 dvd the Archer (level 11, -2/101 HPs)
             Began as a Minotaur Wanderer on June 13, 2017.
             Was a High Priest of Okawaru.
             Slain by a salamander
             ... wielding a +0 spear
              (5 damage)
             ... in a volcano.
             The game lasted 00:29:28 (9416 turns).

dvd the Archer (Minotaur Wanderer)                  Turns: 9416, Time: 00:29:29

Health: -2/101     AC: 21    Str: 21    XL:     11   Next: 27%
Magic:  8/10       EV: 25    Int:  7    God:    Okawaru [*****.]
Gold:   615        SH:  0    Dex: 16    Spells: 10/10 levels left

rFire    + . .     SeeInvis .   b - +0 morningstar (protect)
rCold    + . .     Gourm    .   (no shield)
rNeg     . . .     Faith    .   H - +0 ring mail {rF+}
rPois    .         Spirit   .   (helmet unavailable)
rElec    +         Reflect  .   (no cloak)
rCorr    .         Harm     .   F - +2 pair of gloves
MR       .....                  p - +2 pair of boots {run}
Stlth    ++++......             (no amulet)
Regen    0.3/turn               k - ring of protection from cold
MPRegen  0.2/turn               L - +3 ring of evasion

@: agile, heroism, protection aura, very slightly contaminated, quick
A: retaliatory headbutt, horns 3, electricity resistance, MP-powered wands
a: Heroism, Finesse, Renounce Religion


You were in a volcano.
You worshipped Okawaru.
Okawaru was extremely pleased with you.
You were very hungry.

You visited 3 branches of the dungeon, and saw 12 of its levels.
You also visited: Volcano.

You collected 615 gold pieces.

Inventory:

Hand Weapons
 a - a +3 shortbow
 b - a +0 morningstar of protection (weapon)
 C - a +1 falchion of flaming
 N - a +0 war axe
 S - a +0 morningstar
Missiles
 c - 284 arrows
 A - 10 tomahawks (quivered)
Armour
 o - a +2 hat
 p - a +2 pair of boots of running (worn)
 F - a +2 pair of gloves (worn)
 H - a +0 ring mail of fire resistance (worn)
 K - a +2 leather armour of poison resistance
Jewellery
 k - a ring of protection from cold (left hand)
 E - an uncursed ring of protection from cold
 J - an uncursed ring of stealth
 L - a +3 ring of evasion (right hand)
Wands
 m - a wand of confusion (22/48)
 s - a wand of disintegration (6/24)
 u - a wand of flame (22/48)
 I - a wand of confusion (26/48)
 M - a wand of random effects (22/48)
 O - a wand of paralysis (11/24)
Scrolls
 h - a scroll of enchant armour
 i - 3 scrolls of magic mapping
 n - 9 scrolls of remove curse
 q - a scroll of teleportation
 w - 4 scrolls of enchant weapon
 y - 8 scrolls of identify
 D - a scroll of blinking
 G - a scroll of fear
 R - a scroll of noise {unknown}
Potions
 d - 8 potions of curing
 e - 4 potions of agility
 t - a potion of magic
 x - 4 potions of might
 B - 2 potions of mutation
 Q - a potion of brilliance
Books
 f - a book of Cantrips

   Spells                             Type                      Level
   a - Confusing Touch                Hexes                        1
   b - Animate Skeleton               Necromancy                   1
   c - Summon Small Mammal            Summoning                    1
   d - Apportation                    Translocation                1
 P - a book of Geomancy

   Spells                             Type                      Level
   a - Sandblast                      Earth                        1
   b - Passwall                       Transmutation/Earth          2
   c - Stone Arrow                    Conjuration/Earth            3
   d - Petrify                        Transmutation/Earth          4
   e - Lee's Rapid Deconstruction     Earth                        5
Comestibles
 g - 11 bread rations
 l - 10 fruits
 v - 4 meat rations
 z - 7 royal jellies


   Skills:
 + Level 10.4(15.4) Fighting
 + Level 9.6(14.6) Maces & Flails
 + Level 12.6(17.6) Bows
 + Level 1.2(6.2) Throwing
 + Level 6.6(11.6) Armour
 + Level 4.1(9.1) Dodging
 + Level 2.9(7.9) Stealth
 + Level 1.2 Invocations


You had 10 spell levels left.
You didn't know any spells.

Dungeon Overview and Level Annotations

Branches:
Dungeon (10/15)            Temple (1/1) D:5            Lair (1/6) D:10
    Orc: D:9-12

Altars:
Ashenzari
Cheibriados
Dithmenos
Elyvilon
Fedhas
Gozag
Hepliaklqana
Kikubaaqudgha
Makhleb
Nemelex Xobeh
Okawaru
Qazlal
Ru
Sif Muna
Trog
Uskayaw
Vehumet
Xom
Yredelemnul
Zin
The Shining One

Shops:
D:5 :


Innate Abilities, Weirdness & Mutations

You reflexively headbutt those who attack you in melee.
You have a pair of large horns on your head.
You are resistant to electric shocks. (rElec)
You expend magic power (3 MP) to strengthen your wands.


Message History

The salamander is moderately wounded.
The salamander hits you with a spear!
* * * LOW HITPOINT WARNING * * *
You are engulfed in flames!
You resist.
* * * LOW HITPOINT WARNING * * *
Unknown command.
You feel much better.
The red draconian roars!
The salamander hits you with a spear!
* * * LOW HITPOINT WARNING * * *
You are engulfed in flames!
You resist.
* * * LOW HITPOINT WARNING * * *
Unknown command.
The salamander misses you.
There is a radiant altar of Vehumet here.
You gain the combat prowess of a mighty hero.
The salamander hits you from afar with a spear!
* * * LOW HITPOINT WARNING * * *
You are engulfed in flames.
You resist.
You die...

#.# .
##'########
#..)##)...##
+.∩.)).....#
#...#[⌠..8.#
##'##......#
#...##....##
#8###...###8###
#[d.N.@.#[!)#
#.%$$#...'$$$.#
#######.#######
###


You could see a red draconian and a salamander.

Vanquished Creatures
  A two-headed ogre (D:8)
  A salamander mystic (Volcano)
  A lindwurm (Lair:1)
  3 salamanders (Volcano)
  2 centaur skeletons (D:9)
  A molten gargoyle (Volcano)
  A gargoyle (D:7)
  A troll (D:10)
  A hippogriff (D:7)
  A spriggan (D:7)
  Eustachio (D:5)
  4 yaks (D:9)
  A hungry ghost (D:8)
  6 fire bats (Volcano)
  Menkaure (D:7)
  2 sky beasts
  2 porcupines
  2 orc warriors
  A black bear (D:8)
  A phantom (D:10)
  3 ogres
  5 centaurs
  5 bullfrogs
  A wyvern zombie (D:9)
  3 scorpions
  A water moccasin skeleton (D:7)
  6 killer bees (D:9)
  A howler monkey (D:5)
  6 lava snakes (Volcano)
  3 crimson imps
  2 centaur zombies
  2 bullfrog zombies
  A quasit (D:8)
  3 hounds
  3 jellies
  4 orc wizards
  3 gnoll shamans
  3 orc priests
  2 iguanas
  4 worker ants
  4 hound skeletons
  A worker ant zombie (D:6)
  16 gnolls
  13 adders
  4 shadow imps
  An adder skeleton (D:9)
  3 worms
  A dart slug (D:1)
  8 leopard geckos
  17 orcs
  6 giant cockroaches
  5 goblins
  8 hobgoblins
  3 jackals
  4 quokkas
  A ball python (D:3)
  11 bats
  6 frilled lizards
  A jackal zombie (D:8)
  5 kobolds
  A leopard gecko skeleton (D:5)
  6 rats
  A plant (D:10)
221 creatures vanquished.

Vanquished Creatures (others)
  7 toadstools (D:6)
7 creatures vanquished.

Grand Total: 228 creatures vanquished

Notes
Turn   | Place    | Note
-------+----------+-------------------------------------------
     0 | D:1      | dvd the Minotaur Wanderer began the quest for the Orb.
     0 | D:1      | dvd set off with: a +2 shortbow, 26 arrows, a +0 mace, a potion of curing, a +0 robe, a +0 dagger, a bread ration
     0 | D:1      | Reached XP level 1. HP: 19/19 MP: 0/0
   320 | D:1      | Reached XP level 2. HP: 26/26 MP: 1/1
   378 | D:1      | Identified a +1 pair of boots of running (You found it on level 1 of the Dungeon)
   511 | D:1      | Reached skill level 5 in Bows
   852 | D:2      | Found a radiant altar of Vehumet.
   969 | D:2      | Found an iron altar of Okawaru.
   995 | D:2      | Became a worshipper of Warmaster Okawaru
  1057 | D:2      | Reached XP level 3. HP: 33/33 MP: 2/2
  1967 | D:3      | Reached XP level 4. HP: 40/40 MP: 3/3
  2082 | D:3      | Reached skill level 1 in Maces & Flails
  2150 | D:3      | Reached skill level 6 in Bows
  2256 | D:4      | Found a sacrificial altar of Ru.
  2261 | D:4      | Reached skill level 1 in Dodging
  2261 | D:4      | Reached XP level 5. HP: 41/46 MP: 4/4
  2542 | D:4      | Found a burning altar of Makhleb.
  2542 | D:4      | Found a stormy altar of Qazlal.
  2543 | D:4      | Found a blossoming altar of Fedhas.
  2592 | D:4      | Found a hide-covered altar of Uskayaw.
  2640 | D:4      | Found a glowing silver altar of Zin.
  2939 | D:5      | Entered Level 5 of the Dungeon
  3011 | D:5      | Found a staircase to the Ecumenical Temple.
  3033 | Temple   | Entered the Ecumenical Temple
  3176 | D:5      | Found Asmer's Book Boutique.
  3272 | D:5      | Reached XP level 6. HP: 53/53 MP: 5/5
  3285 | D:5      | Reached skill level 7 in Bows
  3304 | D:5      | Noticed Eustachio
  3335 | D:5      | Killed Eustachio
  3335 | D:5      | Reached * piety under Okawaru
  3382 | D:5      | Reached skill level 5 in Fighting
  3382 | D:5      | Reached XP level 7. HP: 58/61 MP: 6/6
  3779 | D:5      | Reached ** piety under Okawaru
  4071 | D:6      | Reached skill level 8 in Bows
  4327 | D:6      | Reached XP level 8. HP: 69/70 MP: 7/7
  4526 | D:7      | Noticed a gargoyle
  4537 | D:7      | Killed a gargoyle
  4537 | D:7      | Reached *** piety under Okawaru
  4537 | D:7      | Reached skill level 9 in Bows
  4809 | D:7      | Noticed a hippogriff
  4820 | D:7      | Killed a hippogriff
  4820 | D:7      | Received a gift from Okawaru
  4820 | D:7      | Reached skill level 5 in Maces & Flails
  5080 | D:7      | Reached XP level 9. HP: 79/79 MP: 8/8
  5265 | D:7      | Reached skill level 10 in Bows
  5295 | D:7      | Reached skill level 5 in Armour
  5295 | D:7      | Reached skill level 1 in Invocations
  5388 | D:7      | Noticed Menkaure
  5392 | D:7      | Killed Menkaure
  5451 | D:7      | Found a glowing golden altar of the Shining One.
  5597 | D:7      | Gained mutation: You are weak. (Str -2) [potion of mutation]
  5597 | D:7      | Gained mutation: You occasionally shout uncontrollably at your foes. [potion of mutation]
  5597 | D:7      | Gained mutation: You are agile. (Dex +2) [potion of mutation]
  5598 | D:7      | Lost mutation: You are agile. (Dex +2) [potion of mutation]
  5598 | D:7      | Lost mutation: You occasionally shout uncontrollably at your foes. [potion of mutation]
  5598 | D:7      | Lost mutation: You are weak. (Str -2) [potion of mutation]
  5598 | D:7      | Gained mutation: You expend magic power (3 MP) to strengthen your wands. [potion of mutation]
  5598 | D:7      | Gained mutation: You are resistant to electric shocks. (rElec) [potion of mutation]
  5598 | D:7      | Gained mutation: You have a pair of large horns on your head. [potion of mutation]
  6200 | D:8      | Reached **** piety under Okawaru
  6200 | D:8      | Received a gift from Okawaru
  6286 | D:8      | Found an opulent altar of Gozag.
  6310 | D:8      | Found a blossoming altar of Fedhas.
  6310 | D:8      | Noticed a two-headed ogre
  6317 | D:8      | Killed a two-headed ogre
  6632 | D:8      | Reached XP level 10. HP: 89/90 MP: 9/9
  6653 | D:8      | Found a shadowy altar of Dithmenos.
  6791 | D:9      | Reached skill level 11 in Bows
  6931 | D:9      | Found a hazy altar of Hepliaklqana.
  7167 | D:9      | Found a radiant altar of Vehumet.
  7906 | D:10     | Entered Level 10 of the Dungeon
  8382 | D:10     | Received a gift from Okawaru
  8799 | D:10     | Found a staircase to the Lair.
  8897 | Lair:1   | Entered Level 1 of the Lair of Beasts
  8941 | Lair:1   | Found a dark tunnel.
  8941 | Lair:1   | Noticed a lindwurm
  8962 | Lair:1   | Killed a lindwurm
  8962 | Lair:1   | Reached skill level 12 in Bows
  8962 | Lair:1   | Reached skill level 1 in Throwing
  9010 | Volcano  | Entered a volcano
  9105 | Volcano  | Reached ***** piety under Okawaru
  9136 | Volcano  | Received a gift from Okawaru
  9265 | Volcano  | Reached XP level 11. HP: 91/99 MP: 10/10
  9281 | Volcano  | Reached skill level 10 in Fighting
  9372 | Volcano  | Found a radiant altar of Vehumet.
  9372 | Volcano  | Noticed a salamander mystic
  9383 | Volcano  | Received a gift from Okawaru
  9395 | Volcano  | Killed a salamander mystic
  9395 | Volcano  | Received a gift from Okawaru
  9412 | Volcano  | Noticed a red draconian
  9416 | Volcano  | HP: 3/101 [salamander/spear (13)]
  9416 | Volcano  | Slain by a salamander

Skill      XL: |  1  2  3  4  5  6  7  8  9 10 11 |
---------------+----------------------------------+-----
Bows           | 5 6 7 8 9 10 12 | 12.6
Fighting       | 4 5 6 7 8 9 10 | 10.4
Maces & Flails | 1 2 3 5 7 9 |  9.6
Armour         | 2 3 4 5 6 |  6.6
Dodging        | 1 2 3 4 |  4.1
Stealth        | 2 |  2.9
Invocations    | 1 |  1.2
Throwing       | 1 |  1.2

Action                   |  1- 3 |  4- 6 |  7- 9 | 10-12 || total
-------------------------+-------+-------+-------+-------++-------
Melee: Mace              |    22 |     5 |       |       ||    27
       Headbutt          |     2 |     9 |    20 |    33 ||    64
       Morningstar       |       |    55 |   100 |   126 ||   281
 Fire: Shortbow          |   110 |    66 |   197 |   141 ||   514
Throw: Tomahawk          |       |     1 |     1 |     2 ||     4
Invok: Heroism           |       |       |     5 |     4 ||     9
  Use: Scroll            |       |     3 |     7 |     2 ||    12
       Potion            |       |       |    12 |     3 ||    15
 Stab: Invisible         |       |       |       |     5 ||     5
  Eat: Chunk             |     3 |     3 |     9 |     8 ||    23
       Meat ration       |       |       |     1 |       ||     1
       Fruit             |       |       |     1 |       ||     1
Armor: Chain mail        |     6 |       |       |       ||     6
       Ring mail         |    26 |    45 |    52 |    63 ||   186
Dodge: Dodged            |    21 |    39 |    69 |   106 ||   235
